 Dungeon Crawl Stone Soup version 0.22-a0-402-ga933591 (webtiles) character file.

33894 Borgoz the Fighter (level 13, -9/87 HPs)
             Began as a Gargoyle Fighter on May 7, 2018.
             Was an Elder of Ashenzari.
             Mangled by a manticore (25 damage)
             ... summoned by Kirke
             ... on level 5 of the Lair of Beasts.
             The game lasted 00:38:35 (16233 turns).

Borgoz the Fighter (Gargoyle Fighter)              Turns: 16233, Time: 00:38:36

Health: -9/87      AC:  0    Str: 21    XL:     13   Next: 73%
Magic:  13/13      EV: 13    Int:  9    God:    Ashenzari [****..]
Gold:   892        SH:  0    Dex: 13    Spells: 12/12 levels left

rFire    . . .     SeeInvis +   (weapon currently unavailable)
rCold    . . .     Gourm    +   (shield currently unavailable)
rNeg     + . .     Faith    .   (armour currently unavailable)
rPois    ∞         Spirit   .   (helmet currently unavailable)
rElec    .         Reflect  .   (cloak currently unavailable)
rCorr    .         Harm     .   (gloves currently unavailable)
MR       .....     Clarity  +   (boots currently unavailable)
Stlth    +.........             p - amulet of the gourmand
HPRegen  0.24/turn              (ring currently unavailable)
MPRegen  0.13/turn              (ring currently unavailable)

@: pig-form, slowed
A: small, negative energy resistance 1, petrification resistance, rot immunity,
AC +9
a: Curse Item, Scrying, Renounce Religion


You were on level 5 of the Lair of Beasts.
You worshipped Ashenzari.
Ashenzari was greatly pleased with you.
You were very full.
You were a filthy swine.
You visited 3 branches of the dungeon, and saw 19 of its levels.
You also visited: Labyrinth and Sewer.

You collected 1192 gold pieces.
You spent 300 gold pieces at shops.

Inventory:

Hand Weapons
 K - the cursed +8 mace of Evil (melded) {freeze, rF+ rN+}
   (You found it on level 8 of the Dungeon)

   It has been specially enchanted to freeze those struck by it, causing extra
   injury to most foes and up to half again as much damage against particularly
   susceptible opponents.
   It can also slow down cold-blooded creatures.
   It protects you from fire.
   It protects you from negative energy.
   It has a curse placed upon it.
Armour
 c - a +0 shield (melded)
 j - a +1 pair of gloves (melded)
 P - the cursed +0 chain mail of Xoqorphewn (melded) {Regen+}
   (You found it in a labyrinth)

   It increases your rate of regeneration.
   It has a curse placed upon it.
 T - a +0 hat of see invisible (melded)
Jewellery
 p - an amulet of the gourmand (around neck)
 q - an uncursed amulet of harm
 x - a +4 amulet of reflection
Wands
 a - a wand of flame (22)
 b - a wand of paralysis (36)
 y - a wand of digging (5)
 M - a wand of disintegration (17)
 S - a wand of iceblast (11)
Scrolls
 d - a scroll of summoning {unknown}
 e - 11 scrolls of remove curse
 h - 2 scrolls of fog {unknown}
 l - 2 scrolls of blinking
 o - 4 scrolls of magic mapping
 r - 3 scrolls of teleportation
 A - 2 scrolls of enchant armour
 D - 4 scrolls of fear
 H - 10 scrolls of identify
Potions
 g - 11 potions of curing
 i - 3 potions of cancellation
 m - a potion of ambrosia {unknown}
 n - a potion of agility
 s - a potion of resistance
 t - 4 potions of flight
 u - 2 potions of invisibility
 v - 6 potions of lignification
 z - 4 potions of haste
 F - 4 potions of might
 L - 2 potions of heal wounds
Comestibles
 f - 37 rations
 k - 5 chunks of flesh


   Skills:
 + Level 12.9 Fighting
 + Level 11.7(14.9) Maces & Flails
 + Level 12.9 Armour
 + Level 12.8 Shields


You had 12 spell levels left.
You didn't know any spells.

Dungeon Overview and Level Annotations

Branches:
Dungeon (13/15)            Temple (1/1) D:7            Lair (5/6) D:11
 Shoals (0/4) Lair:3        Snake (0/4) Lair:4          Orc (0/2) D:12
  Slime: Lair:5-6    Vaults: D:13-14

Altars:
Ashenzari
Cheibriados
Dithmenos
Elyvilon
Fedhas
Gozag
Hepliaklqana
Kikubaaqudgha
Makhleb
Nemelex Xobeh
Okawaru
Qazlal
Ru
Sif Muna
Trog
Uskayaw
Vehumet
Wu Jian
Xom
Yredelemnul
Zin
The Shining One

Shops:
D:4 }   D:7 *   D:11 !

Annotations:
D:9 exclusion: obsidian statue
Lair:5 Kirke


Innate Abilities, Weirdness & Mutations

You are resistant to torment.
((Your stone body is resilient. (AC +9)))
You are immune to poison.
You resist negative energy. (rN+)
((You are resistant to electric shocks. (rElec)))
((You can survive without breathing.))
You are immune to petrification.
You are immune to rotting.
((You are mostly covered in slimy green scales. (AC +3)))


Message History

The hog misses you.
You barely miss Kirke.
Kirke is almost dead.
The hog bites you. The hog misses you. The hog bites you.
Kirke mumbles some strange words.
Kirke summons a manticore!
The hog barely misses you. The hog misses you.
Unknown command.
You hit Kirke.
Kirke is almost dead.
The hog bites you! The hog bites you. Kirke hits you. The hog misses you.
The hog bites you! The manticore misses you.
The manticore barely misses you. x2
Unknown command.
The hog bites you!
* * * LOW HITPOINT WARNING * * *
Kirke mumbles some strange words.
Kirke flickers and vanishes for a moment.
The hog bites you.
* * * LOW HITPOINT WARNING * * *
The manticore bites you!!
You die...

*.#.#. ,..##
##P##..#..#.## **### ...#
#####........?# ,#.+.. *
#P#P..(.P##..## ,....h#
##..........### * ......
##P...........P#
,...hh.##.........<<...#
*, .......###..........#.#
**,........#.÷..........##
*,........#hH.........##
........#hh.=........* *,
.....#.h@hh..........
......#............. ,
,P.....####..........
P...#* ........#.. * *.P.#
##.P.>...... *.#.,,,*
###...P.P.# * *., , *
####...P. **


You could see Kirke (invisible), a manticore and 4 hogs.

Vanquished Creatures
  Gastronok (Lair:1)
  A minotaur (Lab)
  The ghost of Borgoz the Fighter, a journeyman GrBe of Trog (D:12)
  2 hydras
  2 two-headed ogres
  Urug (Lair:4)
  An unseen horror (D:12)
  Pikel (D:8)
  An ugly thing (D:10)
  A deep elf mage (D:12)
  A cyclops (D:12)
  5 elephants (Lair:3)
  3 black mambas
  7 spiny frogs
  2 kobold demonologists (D:12)
  2 komodo dragons
  A hornet (D:10)
  A troll (D:13)
  Grinder (D:4)
  11 hippogriffs
  Sigmund (D:3)
  A spriggan (D:7)
  A wraith (D:12)
  20 yaks
  4 wyverns
  3 basilisks
  4 hungry ghosts (Lab)
  A steam dragon (D:12)
  2 vampire mosquitoes (D:13)
  2 wargs (D:11)
  Edmund (D:4)
  12 water moccasins
  An acid dragon (D:10)
  4 porcupines
  3 sky beasts (D:11)
  3 slaves (D:7)
  7 orc warriors
  A swamp drake (Lair:4)
  Purgy (D:3)
  2 ice beasts
  3 phantoms
  5 ogres
  3 centaurs
  15 wolves
  20 crocodiles
  4 big kobolds
  15 bullfrogs
  A gnoll sergeant (D:9)
  A wyvern zombie (D:12)
  6 scorpions
  11 killer bees
  2 electric eels (Lair:4)
  2 howler monkeys (D:4)
  2 centaur zombies
  4 crimson imps
  3 bullfrog zombies
  2 quasits
  5 jellies
  6 orc priests
  Ijyb (D:4)
  6 bullfrog skeletons
  3 hounds
  14 orc wizards
  2 centaur skeletons
  Crazy Yiuf (D:3)
  10 iguanas
  6 worker ants
  A hound zombie (D:9)
  A hound skeleton (D:11)
  7 gnolls
  A howler monkey skeleton (D:4)
  16 adders
  3 shadow imps
  An adder skeleton (D:8)
  5 worms
  2 dart slugs
  15 leopard geckos
  64 orcs
  2 ball pythons (Sewer)
  9 bats
  9 giant cockroaches
  8 goblins
  11 hobgoblins
  16 jackals
  26 kobolds
  4 quokkas
  18 frilled lizards
  A giant cockroach zombie (D:6)
  A jackal skeleton (D:6)
  2 quokka zombies
  5 rats
  4 plants (Sewer)
505 creatures vanquished.

Vanquished Creatures (others)
  An orc (D:12)
  A plant (Lair:4)
2 creatures vanquished.

Grand Total: 507 creatures vanquished

Notes
Turn   | Place    | Note
-------+----------+-------------------------------------------
     0 | D:1      | Borgoz the Gargoyle Fighter began the quest for the Orb.
     0 | D:1      | Reached XP level 1. HP: 14/14 MP: 1/1
   112 | D:1      | Reached XP level 2. HP: 17/19 MP: 2/2
   198 | D:1      | You fall through a shaft!
   265 | D:2      | Found a shadowy altar of Dithmenos.
   424 | D:2      | Found a deep blue altar of Sif Muna.
   442 | D:2      | Reached XP level 3. HP: 20/23 MP: 3/3
  1659 | D:2      | Reached XP level 4. HP: 29/29 MP: 4/4
  1911 | D:3      | Noticed Purgy
  2297 | D:3      | Noticed a hippogriff
  2314 | D:3      | Killed a hippogriff
  2314 | D:3      | Reached XP level 5. HP: 7/34 MP: 5/5
  2314 | D:3      | Reached XP level 6. HP: 8/39 MP: 6/6
  2679 | D:3      | Killed Purgy
  2772 | D:3      | Reached skill level 5 in Armour
  2784 | D:3      | Reached skill level 5 in Shields
  2821 | D:3      | Found a runed door.
  2935 | D:3      | Noticed Crazy Yiuf
  2935 | D:3      | Noticed Sigmund
  2939 | D:3      | Gained mutation: You are partially covered in slimy green scales. (AC +2) [potion of mutation]
  2939 | D:3      | Gained mutation: You are mostly covered in slimy green scales. (AC +3) [potion of mutation]
  2944 | D:3      | Killed Crazy Yiuf
  2944 | D:3      | Reached skill level 5 in Fighting
  2944 | D:3      | Reached XP level 7. HP: 44/44 MP: 7/7
  2951 | D:3      | Killed Sigmund
  3452 | D:4      | Noticed Grinder
  3471 | D:4      | Paralysed by Grinder for 3 turns
  3485 | D:4      | Killed Grinder
  3485 | D:4      | Reached XP level 8. HP: 20/51 MP: 8/8
  3695 | D:4      | Found a bloodstained altar of Trog.
  3777 | D:4      | Reached skill level 5 in Maces & Flails
  3942 | D:4      | Found Agasefo's Gadget Shop.
  3958 | D:4      | Noticed Ijyb
  3963 | D:4      | Noticed Edmund
  4017 | D:4      | Killed Edmund
  4031 | D:4      | Killed Ijyb
  4349 | D:5      | Entered Level 5 of the Dungeon
  5545 | D:6      | Reached XP level 9. HP: 45/56 MP: 9/9
  5630 | D:6      | Found a glowing drain.
  5666 | Sewer    | Entered a sewer
  6795 | D:6      | Found a shattered altar of Ashenzari.
  6799 | D:6      | Saw a vision of the Shoals and the Snake Pit.
  6799 | D:6      | Noticed a merfolk
  6799 | D:6      | Noticed a merfolk siren
  6799 | D:6      | Noticed a naga mage
  6799 | D:6      | Noticed a black mamba
  6799 | D:6      | Noticed a naga mage
  6799 | D:6      | Noticed a naga sharpshooter
  6799 | D:6      | Noticed a naga ritualist
  6799 | D:6      | Noticed a naga ritualist
  6801 | D:6      | Noticed an anaconda
  6803 | D:6      | Noticed a naga mage
  6803 | D:6      | Became a worshipper of Ashenzari the Shackled
  7137 | D:7      | Found an opulent altar of Gozag.
  7137 | D:7      | Found Gozag's Platinum Reserve.
  7358 | D:7      | Found a staircase to the Ecumenical Temple.
  7404 | Temple   | Entered the Ecumenical Temple
  8084 | D:8      | Noticed Pikel
  8110 | D:8      | Killed Pikel
  8170 | D:8      | Reached * piety under Ashenzari
  8185 | D:8      | Reached XP level 10. HP: 64/64 MP: 10/10
  8337 | D:8      | Identified the +8 mace of Evil {freeze, rF+ rN+}
  9065 | D:9      | Noticed an obsidian statue
  9073 | D:9      | Noticed a two-headed ogre
  9084 | D:9      | Killed a two-headed ogre
  9413 | D:10     | Entered Level 10 of the Dungeon
  9413 | D:10     | Noticed a purple ugly thing
  9620 | D:10     | Killed a purple ugly thing
  9620 | D:10     | Reached XP level 11. HP: 50/71 MP: 11/11
  9772 | D:10     | Reached ** piety under Ashenzari
 10518 | D:11     | Found Feiwu's Distillery.
 10530 | D:11     | Bought a potion of heal wounds for 60 gold pieces
 10530 | D:11     | Bought a potion of heal wounds for 60 gold pieces
 10530 | D:11     | Bought a potion of haste for 120 gold pieces
 10530 | D:11     | Bought a potion of heal wounds for 60 gold pieces
 10594 | D:11     | Reached skill level 10 in Fighting
 10599 | D:11     | Reached skill level 10 in Armour
 10599 | D:11     | Reached skill level 10 in Shields
 10745 | D:11     | Found a staircase to the Lair.
 11023 | D:12     | Found a labyrinth entrance.
 11073 | Lab      | Entered a labyrinth
 11199 | Lab      | Noticed a minotaur
 11213 | Lab      | Killed a minotaur
 11218 | Lab      | Identified the +5 falchion of the Tundras {slice, rF+ rC++}
 11218 | Lab      | Identified the +7 chain mail of Ohamm {-Tele rN+ MR++ rCorr}
 11218 | Lab      | Identified the cursed +0 chain mail of Xoqorphewn {Regen+}
 11443 | D:12     | Found a glowing silver altar of Zin.
 11561 | D:12     | Noticed Borgoz's ghost (journeyman GrBe)
 11610 | D:12     | Killed Borgoz's ghost
 11637 | D:12     | Noticed an unseen horror
 11667 | D:12     | Killed an unseen horror
 11731 | D:12     | Found a staircase to the Orcish Mines.
 11769 | D:12     | Reached XP level 12. HP: 40/79 MP: 12/12
 12102 | D:12     | Reached skill level 10 in Maces & Flails
 12167 | D:12     | Noticed a two-headed ogre
 12177 | D:12     | Killed a two-headed ogre
 12670 | Lair:1   | Entered Level 1 of the Lair of Beasts
 12670 | Lair:1   | Reached *** piety under Ashenzari
 12695 | Lair:1   | Noticed Gastronok
 12696 | Lair:1   | Identified the +1 leather armour "Duibov" {rN+ Int+4 Slay+2}
 12710 | Lair:1   | Killed Gastronok
 13008 | Lair:1   | Identified the +5 morningstar "Lympal" {flame, rPois SInv}
 13617 | Lair:2   | Reached XP level 13. HP: 86/86 MP: 13/13
 14183 | Lair:3   | Found a staircase to the Shoals.
 14820 | Lair:4   | Noticed Urug
 15039 | Lair:4   | Found a staircase to the Snake Pit.
 15361 | Lair:4   | Killed Urug
 15620 | Lair:4   | Reached **** piety under Ashenzari
 16215 | Lair:5   | Noticed Kirke
 16233 | Lair:5   | Mangled by a manticore

Vault maps used:
D:1:      minmay_arrival_doors, grunt_decor_one_mirror, minmay_small_reverse_x
D:2:      led_sif_pool, grunt_dithmenos_smoke_and_mirrors
D:3:      first_ration, uniq_purgy, uniq_crazy_yiuf_cottage, uniq_sigmund
D:4:      serial_shops, nicolae_shop_competitors_out_of_business, trog_book,
          uniq_grinder, uniq_ijyb, uniq_edmund
D:6:      cheibrodos_sewer_entry_bend, grunt_ashenzari_visionary
D:7:      minmay_temple_entry_statues_fountains, the_bakery,
          nicolae_gozag_zags_fifth_avenue, uniq_pikel
D:9:      minivault_16
D:11:     erik_lair_orcish_takeover, serial_shops, shop
D:12:     david_orc_2, basic_altar, lab_entry_generic
D:13:     hangedman_cross_veins, david_vaults_2
Temple:   roderic_octagonal_lattice_temple
Lair:1:   uniq_gastronok
Lair:3:   shoals_dummy_entry
Lair:4:   lemuel_reptile_caves, minmay_snake_entry_six_corridors, uniq_urug
Lair:5:   minmay_slime_entry_jelly_boxes, eino_house_with_fridge, uniq_kirke
Lab:      labyrinth_hidden_loot, nicolae_lab_diamond, nicolae_lab_swirl
Sewer:    sewer_co_scattered_pipes

Skill      XL: |  1  2  3  4  5  6  7  8  9 10 11 12 13 |
---------------+----------------------------------------+-----
Fighting       | 4 5 6 8 9 10 12 | 12.9
Armour         | 4 5 6 7 8 9 10 12 | 12.9
Shields        | 4 5 6 8 9 10 12 | 12.8
Maces & Flails | 3 4 5 7 8 9 10 11 | 11.7

Action                   |  1- 3 |  4- 6 |  7- 9 | 10-12 | 13-15 || total
-------------------------+-------+-------+-------+-------+-------++-------
Melee: Flail             |   169 |   103 |   700 |   104 |       ||  1076
       Mace              |       |       |       |   779 |   498 ||  1277
       Unarmed           |       |       |       |       |     2 ||     2
Invok: Curse Item        |       |       |     2 |     1 |       ||     3
       Scrying           |       |       |       |     1 |       ||     1
Evoke: Wand              |       |       |     7 |     3 |       ||    10
  Use: Potion            |       |     3 |     2 |     3 |       ||     8
       Scroll            |       |       |    13 |    17 |       ||    30
 Stab: Paralysed         |       |       |       |     4 |       ||     4
  Eat: Chunk             |     3 |    14 |    18 |    30 |     8 ||    73
Armor: Scale mail        |   111 |    56 |   319 |   404 |       ||   890
       Chain mail        |       |       |       |   108 |   241 ||   349
Dodge: Dodged            |    49 |    42 |   174 |   299 |   147 ||   711
Block: Shield            |   108 |    54 |   343 |   614 |   334 ||  1453

Table legend:
 A = Spawn XP
 B = Non-spawn XP
 C = Spawn XP percentage of total XP
 D = Spawn monster count
 E = Non-spawn monster count
 F = Spawn count percentage of total count
 G = Total turns spent on level
                    A         B        C        D         E        F      G
               +---------+---------+-------+---------+---------+-------+---------
         Total |       0 |   48421 |   0.0 |       0 |     499 |   0.0 | 16233
               +---------+---------+-------+---------+---------+-------+---------
           D:1 |       0 |      52 |   0.0 |       0 |      29 |   0.0 |   917
           D:2 |       0 |      81 |   0.0 |       0 |      20 |   0.0 |  1519
           D:3 |       0 |     837 |   0.0 |       0 |      27 |   0.0 |   890
           D:4 |       0 |     820 |   0.0 |       0 |      14 |   0.0 |  1023
           D:5 |       0 |     428 |   0.0 |       0 |      19 |   0.0 |  1128
           D:6 |       0 |     893 |   0.0 |       0 |      28 |   0.0 |   772
           D:7 |       0 |     398 |   0.0 |       0 |       8 |   0.0 |   795
           D:8 |       0 |    2063 |   0.0 |       0 |      30 |   0.0 |   864
           D:9 |       0 |    2520 |   0.0 |       0 |      35 |   0.0 |   559
          D:10 |       0 |    2159 |   0.0 |       0 |      16 |   0.0 |   791
          D:11 |       0 |    2657 |   0.0 |       0 |      40 |   0.0 |   778
          D:12 |       0 |    6941 |   0.0 |       0 |      56 |   0.0 |  1131
          D:13 |       0 |    1498 |   0.0 |       0 |      18 |   0.0 |   185
        Lair:1 |       0 |    5988 |   0.0 |       0 |      16 |   0.0 |   579
        Lair:2 |       0 |    3744 |   0.0 |       0 |      16 |   0.0 |   885
        Lair:3 |       0 |    3896 |   0.0 |       0 |      16 |   0.0 |   745
        Lair:4 |       0 |    8894 |   0.0 |       0 |      76 |   0.0 |  1113
        Lair:5 |       0 |    2549 |   0.0 |       0 |       9 |   0.0 |   241
           Lab |       0 |    1933 |   0.0 |       0 |       5 |   0.0 |   355
         Sewer |       0 |      70 |   0.0 |       0 |      21 |   0.0 |   733
               +---------+---------+-------+---------+---------+-------+---------
